[ AOE2 MATCH · #507640092 ]
UnrankedPersians vs Persians
[ REPLAY ANALYSIS · EXTRACTED FROM THE RECORDED GAME ]
Feudal
9:26
Castle
—
Imperial
—
| APM avg | 68.4 |
| APM peak | 139 |
| eAPM avg | 40.4 |
| Villagers / military | 56 / 27 |
Focus
⚔️ 75.4% · 🌾 24.6%
Scout Cavalry ×22 · Spearman ×5
Feudal
8:08
Castle
20:14
Imperial
—
| APM avg | 57.2 |
| APM peak | 80 |
| eAPM avg | 22.9 |
| Villagers / military | 86 / 30 |
Focus
⚔️ 37.6% · 🌾 62.4%
Knight ×20 · Scout Cavalry ×10
Feudal
9:04
Castle
—
Imperial
—
| APM avg | 43.5 |
| APM peak | 101 |
| eAPM avg | 16.2 |
| Villagers / military | 51 / 46 |
Focus
⚔️ 39.9% · 🌾 60.1%
Scout Cavalry ×43 · Spearman ×3
Feudal
8:38
Castle
24:53
Imperial
—
| APM avg | 52.5 |
| APM peak | 92 |
| eAPM avg | 24.9 |
| Villagers / military | 49 / 63 |
Focus
⚔️ 54.9% · 🌾 45.1%
Archer ×59 · Spearman ×3 · Skirmisher ×1
Feudal
8:29
Castle
—
Imperial
—
| APM avg | 40.1 |
| APM peak | 78 |
| eAPM avg | 18.6 |
| Villagers / military | 54 / 55 |
Focus
⚔️ 45.4% · 🌾 54.6%
Archer ×54 · Spearman ×1
Feudal
8:34
Castle
24:24
Imperial
—
| APM avg | 54.6 |
| APM peak | 94 |
| eAPM avg | 18.1 |
| Villagers / military | 52 / 23 |
Focus
⚔️ 20.7% · 🌾 79.3%
Scout Cavalry ×18 · Knight ×3 · Spearman ×2
Feudal
9:39
Castle
—
Imperial
—
| APM avg | 43.1 |
| APM peak | 63 |
| eAPM avg | 18.6 |
| Villagers / military | 47 / 24 |
Focus
⚔️ 29.8% · 🌾 70.2%
Archer ×24
Feudal
9:19
Castle
—
Imperial
—
| APM avg | 70.8 |
| APM peak | 100 |
| eAPM avg | 26.0 |
| Villagers / military | 50 / 66 |
Focus
⚔️ 57.5% · 🌾 42.5%
Archer ×61 · Militia ×4 · Spearman ×1
Match map
Initial resources + every placement click. Lines = walls · curves = elevation contours. ◆ gold · ⬟ stone · ● berries · ✦ relic · ◌ wall gap
Your base· ✓ Closed at 24:29 · 59t walls · no gate
Legolas's base· Open — 6t gap
Codiman's base· Open — 3t gap
King Gallas's base· Open — unwalled flank
El Wicho's base· Open — unwalled flank
Destruidora de Sueño's base· Open — 10t gap
Bohemio_Antisemita's base· Open — unwalled flank
Balam's base· Open — 6t gap
Smoothed initial terrain · ◌ = detected wall gap · hover for details
Inputs per minute
— Dadagama - - Legolas
Build order — Dadagama
First 150 of 159 actions detected
| 0:00 | Queue | Villager (Male) |
| 0:00 | Queue | Villager (Male) |
| 0:01 | Queue | Villager (Male) |
| 0:01 | Queue | Villager (Male) |
| 0:02 | Build | House |
| 0:04 | Build | House |
| 0:04 | Queue | Villager (Male) |
| 0:05 | Queue | Villager (Male) |
| 1:29 | Queue | Villager (Male) |
| 1:30 | Queue | Villager (Male) |
| 1:58 | Queue | Villager (Male) |
| 1:58 | Queue | Villager (Male) |
| 2:03 | Build | Lumber Camp |
| 2:11 | Queue | Villager (Male) |
| 2:12 | Queue | Villager (Male) |
| 2:29 | Build | House |
| 2:31 | Build | House |
| 2:38 | Queue | Villager (Male) |
| 3:08 | Queue | Villager (Male) |
| 3:08 | Queue | Villager (Male) |
| 3:24 | Queue | Villager (Male) |
| 3:25 | Queue | Villager (Male) |
| 4:03 | Queue | Villager (Male) |
| 4:03 | Queue | Villager (Male) |
| 4:03 | Queue | Villager (Male) |
| 4:23 | Queue | Villager (Male) |
| 4:23 | Queue | Villager (Male) |
| 4:29 | Build | Mill |
| 4:44 | Queue | Villager (Male) |
| 5:14 | Queue | Villager (Male) |
| 5:15 | Queue | Villager (Male) |
| 6:35 | Queue | Villager (Male) |
| 6:38 | Research | Loom |
| 6:53 | Research | Feudal Age |
| 7:11 | Build | Barracks |
| 7:12 | Build | House |
| 7:34 | Queue | Villager (Male) |
| 7:34 | Queue | Villager (Male) |
| 9:26 | Age | Feudal Age |
| 9:28 | Build | Stable |
| 9:35 | Build | House |
| 9:39 | Build | Palisade Wall |
| 9:40 | Queue | Villager (Male) |
| 9:46 | Build | Palisade Wall |
| 9:55 | Build | Palisade Wall |
| 10:10 | Queue | Scout Cavalry ×5 |
| 10:14 | Queue | Villager (Male) |
| 10:14 | Queue | Villager (Male) |
| 10:22 | Build | Farm |
| 10:28 | Build | Palisade Wall |
| 10:36 | Queue | Villager (Male) |
| 10:42 | Queue | Scout Cavalry |
| 10:59 | Build | Palisade Wall |
| 11:07 | Build | Blacksmith |
| 11:09 | Build | House |
| 11:12 | Queue | Villager (Male) |
| 11:15 | Build | Farm |
| 11:16 | Build | Farm |
| 11:18 | Build | Farm |
| 11:34 | Queue | Villager (Male) |
| 12:31 | Queue | Spearman |
| 12:49 | Build | House |
| 13:02 | Queue | Spearman |
| 13:10 | Queue | Scout Cavalry |
| 13:10 | Queue | Scout Cavalry |
| 13:10 | Queue | Scout Cavalry |
| 13:20 | Build | Farm |
| 13:21 | Build | Farm |
| 13:33 | Queue | Villager (Male) |
| 13:33 | Queue | Villager (Male) |
| 13:33 | Queue | Villager (Male) |
| 14:05 | Queue | Scout Cavalry |
| 14:17 | Queue | Villager (Male) |
| 14:17 | Queue | Villager (Male) |
| 14:24 | Build | Farm |
| 14:25 | Queue | Villager (Male) |
| 14:28 | Build | Farm |
| 14:30 | Build | Farm |
| 14:35 | Build | Palisade Wall |
| 15:05 | Queue | Scout Cavalry |
| 15:07 | Queue | Villager (Male) |
| 15:07 | Queue | Villager (Male) |
| 15:09 | Build | Farm |
| 15:09 | Build | Farm |
| 15:09 | Build | Farm |
| 15:10 | Build | Farm |
| 15:10 | Build | Farm |
| 15:10 | Build | Farm |
| 15:10 | Build | Farm |
| 15:11 | Build | Farm |
| 15:11 | Build | Farm |
| 15:24 | Build | Palisade Wall |
| 16:22 | Queue | Scout Cavalry |
| 16:22 | Queue | Scout Cavalry |
| 16:38 | Queue | Villager (Male) |
| 16:38 | Queue | Villager (Male) |
| 16:40 | Build | Farm |
| 16:43 | Build | Farm |
| 16:46 | Build | Palisade Wall |
| 17:20 | Queue | Scout Cavalry |
| 17:20 | Queue | Villager (Male) |
| 17:22 | Build | Farm |
| 17:26 | Build | Farm |
| 17:27 | Build | Farm |
| 17:27 | Build | Farm |
| 17:27 | Build | Farm |
| 18:47 | Queue | Scout Cavalry |
| 18:47 | Queue | Scout Cavalry |
| 18:48 | Queue | Villager (Male) |
| 18:48 | Queue | Villager (Male) |
| 18:51 | Build | Mining Camp |
| 18:55 | Build | Farm |
| 18:56 | Build | Farm |
| 18:56 | Build | Farm |
| 18:56 | Build | Farm |
| 18:56 | Build | Farm |
| 18:56 | Build | Farm |
| 18:57 | Build | Farm |
| 18:57 | Build | Farm |
| 18:59 | Queue | Villager (Male) |
| 19:11 | Research | Scale Barding Armor |
| 19:25 | Build | House |
| 19:26 | Build | House |
| 19:27 | Build | House |
| 19:31 | Build | House |
| 19:32 | Build | House |
| 19:33 | Build | House |
| 19:38 | Queue | Villager (Male) |
| 19:38 | Queue | Villager (Male) |
| 19:40 | Queue | Scout Cavalry |
| 20:07 | Queue | Scout Cavalry |
| 20:17 | Queue | Spearman |
| 20:51 | Research | Bloodlines |
| 20:53 | Queue | Villager (Male) |
| 20:53 | Queue | Villager (Male) |
| 20:58 | Build | Farm |
| 20:58 | Build | Farm |
| 20:58 | Build | Farm |
| 20:59 | Build | Farm |
| 20:59 | Build | Farm |
| 21:31 | Queue | Villager (Male) |
| 21:35 | Queue | Scout Cavalry |
| 21:39 | Research | Forging |
| 22:17 | Queue | Scout Cavalry |
| 22:17 | Queue | Scout Cavalry |
| 22:34 | Queue | Spearman |
| 22:35 | Queue | Spearman |
| 23:06 | Queue | Villager (Male) |
| 23:06 | Queue | Villager (Male) |
| 23:09 | Build | House |
Build order — Legolas
First 150 of 189 actions detected
| 0:01 | Queue | Villager (Male) |
| 0:01 | Queue | Villager (Male) |
| 0:01 | Queue | Villager (Male) |
| 0:02 | Build | House |
| 0:03 | Build | House |
| 0:11 | Queue | Villager (Male) |
| 0:11 | Queue | Villager (Male) |
| 1:29 | Queue | Villager (Male) |
| 1:30 | Queue | Villager (Male) |
| 1:49 | Queue | Villager (Male) |
| 1:49 | Queue | Villager (Male) |
| 1:54 | Build | Lumber Camp |
| 2:19 | Queue | Villager (Male) |
| 2:27 | Build | House |
| 2:42 | Queue | Villager (Male) |
| 3:18 | Queue | Villager (Male) |
| 3:38 | Queue | Villager (Male) |
| 4:07 | Queue | Villager (Male) |
| 4:20 | Build | Palisade Wall |
| 4:26 | Queue | Villager (Male) |
| 4:35 | Queue | Villager (Male) |
| 5:00 | Queue | Villager (Male) |
| 5:00 | Queue | Villager (Male) |
| 5:02 | Queue | Villager (Male) |
| 5:03 | Queue | Villager (Male) |
| 5:07 | Queue | Villager (Male) |
| 5:24 | Build | Mill |
| 5:31 | Research | Loom |
| 6:04 | Research | Feudal Age |
| 6:50 | Build | Barracks |
| 7:26 | Build | House |
| 7:47 | Queue | Villager (Male) |
| 7:48 | Queue | Villager (Male) |
| 8:08 | Age | Feudal Age |
| 8:09 | Queue | Villager (Male) |
| 8:15 | Build | Stable |
| 8:42 | Queue | Villager (Male) |
| 8:43 | Queue | Villager (Male) |
| 8:44 | Research | Double-Bit Axe |
| 8:56 | Queue | Scout Cavalry |
| 8:57 | Queue | Scout Cavalry |
| 8:57 | Queue | Scout Cavalry |
| 9:02 | Build | House |
| 9:05 | Build | Palisade Wall |
| 9:22 | Queue | Villager (Male) |
| 9:35 | Queue | Scout Cavalry |
| 9:51 | Queue | Villager (Male) |
| 9:53 | Build | Farm |
| 9:55 | Build | Farm |
| 9:56 | Build | Farm |
| 9:57 | Build | Farm |
| 10:10 | Queue | Villager (Male) |
| 10:25 | Research | Horse Collar |
| 10:33 | Build | House |
| 10:48 | Queue | Villager (Male) |
| 10:49 | Queue | Villager (Male) |
| 10:53 | Queue | Villager (Male) |
| 10:53 | Queue | Villager (Male) |
| 10:55 | Build | House |
| 11:06 | Build | Palisade Wall |
| 11:31 | Queue | Villager (Male) |
| 11:32 | Queue | Villager (Male) |
| 11:36 | Queue | Villager (Male) |
| 11:37 | Build | Farm |
| 11:42 | Build | Farm |
| 11:45 | Queue | Villager (Male) |
| 11:49 | Build | Farm |
| 11:53 | Build | House |
| 12:17 | Queue | Scout Cavalry |
| 12:17 | Queue | Scout Cavalry |
| 12:19 | Build | Farm |
| 12:20 | Queue | Villager (Male) |
| 13:02 | Queue | Villager (Male) |
| 13:02 | Queue | Villager (Male) |
| 13:03 | Build | Farm |
| 13:05 | Build | Farm |
| 13:07 | Build | Farm |
| 13:09 | Build | Farm |
| 13:14 | Build | Farm |
| 13:16 | Build | Lumber Camp |
| 13:17 | Queue | Villager (Male) |
| 13:21 | Build | House |
| 13:23 | Build | Palisade Wall |
| 13:25 | Queue | Scout Cavalry |
| 13:26 | Queue | Scout Cavalry |
| 13:46 | Build | Farm |
| 13:47 | Build | Farm |
| 14:00 | Queue | Scout Cavalry |
| 14:13 | Queue | Villager (Male) |
| 14:14 | Queue | Villager (Male) |
| 14:20 | Queue | Villager (Male) |
| 14:24 | Build | Mining Camp |
| 14:47 | Build | Farm |
| 14:48 | Queue | Villager (Male) |
| 14:58 | Queue | Scout Cavalry |
| 15:02 | Queue | Villager (Male) |
| 15:10 | Build | Blacksmith |
| 16:06 | Build | House |
| 16:09 | Build | Palisade Wall |
| 16:11 | Queue | Villager (Male) |
| 16:11 | Queue | Villager (Male) |
| 16:17 | Build | House |
| 16:19 | Build | House |
| 16:20 | Build | Palisade Wall |
| 16:24 | Build | Farm |
| 16:27 | Build | Farm |
| 16:38 | Build | Farm |
| 16:40 | Queue | Villager (Male) |
| 16:44 | Build | Farm |
| 17:11 | Queue | Villager (Male) |
| 17:13 | Build | Palisade Wall |
| 17:31 | Build | Farm |
| 17:36 | Build | House |
| 17:48 | Research | Castle Age |
| 17:50 | Build | Farm |
| 18:14 | Queue | Villager (Male) |
| 18:27 | Queue | Villager (Male) |
| 18:31 | Build | Stable |
| 18:33 | Research | Scale Barding Armor |
| 18:48 | Research | Forging |
| 18:51 | Build | Farm |
| 18:52 | Build | Farm |
| 18:56 | Build | Farm |
| 19:00 | Build | Farm |
| 19:03 | Build | Farm |
| 19:13 | Build | Palisade Wall |
| 19:35 | Research | Gold Mining |
| 20:14 | Age | Castle Age |
| 20:17 | Queue | Knight |
| 20:17 | Queue | Knight |
| 20:18 | Research | Bow Saw |
| 20:18 | Research | Bow Saw |
| 20:19 | Queue | Villager (Male) |
| 20:19 | Queue | Villager (Male) |
| 20:30 | Research | Husbandry |
| 20:32 | Queue | Knight |
| 20:49 | Research | Chain Barding Armor |
| 20:58 | Queue | Knight |
| 21:03 | Queue | Knight |
| 21:09 | Queue | Villager (Male) |
| 21:22 | Queue | Knight |
| 21:25 | Build | Town Center |
| 21:28 | Queue | Villager (Male) |
| 21:30 | Queue | Villager (Male) |
| 21:39 | Queue | Knight |
| 22:16 | Queue | Knight |
| 22:49 | Queue | Villager (Male) |
| 22:50 | Queue | Villager (Male) |
| 22:50 | Queue | Villager (Male) |
| 23:15 | Research | Bloodlines |
Build order — Codiman
First 150 of 186 actions detected
| 0:02 | Queue | Villager (Male) |
| 0:02 | Queue | Villager (Male) |
| 0:02 | Queue | Villager (Male) |
| 0:03 | Queue | Villager (Male) |
| 0:04 | Build | House |
| 0:06 | Build | House |
| 1:24 | Queue | Villager (Male) |
| 1:56 | Queue | Villager (Male) |
| 1:57 | Queue | Villager (Male) |
| 2:16 | Queue | Villager (Male) |
| 3:09 | Queue | Villager (Male) |
| 3:12 | Build | House |
| 3:19 | Queue | Villager (Male) |
| 3:19 | Queue | Villager (Male) |
| 3:36 | Queue | Villager (Male) |
| 4:03 | Build | Lumber Camp |
| 4:47 | Queue | Villager (Male) |
| 5:08 | Queue | Villager (Male) |
| 5:08 | Queue | Villager (Male) |
| 5:21 | Queue | Villager (Male) |
| 6:00 | Build | Mill |
| 6:13 | Queue | Villager (Male) |
| 6:14 | Queue | Villager (Male) |
| 6:53 | Research | Feudal Age |
| 7:20 | Research | Loom |
| 7:42 | Build | Barracks |
| 7:45 | Queue | Villager (Male) |
| 7:50 | Queue | Villager (Male) |
| 8:32 | Build | House |
| 8:52 | Build | House |
| 9:04 | Age | Feudal Age |
| 9:09 | Build | Stable |
| 9:20 | Build | Blacksmith |
| 9:53 | Queue | Scout Cavalry |
| 9:54 | Queue | Scout Cavalry |
| 9:54 | Queue | Scout Cavalry |
| 10:33 | Research | Forging |
| 10:53 | Queue | Villager (Male) |
| 11:02 | Build | Pasture |
| 11:02 | Build | Pasture |
| 11:02 | Build | Pasture |
| 11:02 | Build | Pasture |
| 11:03 | Build | Pasture |
| 11:03 | Build | Pasture |
| 11:03 | Build | Pasture |
| 11:03 | Build | Pasture |
| 11:06 | Queue | Villager (Male) |
| 11:39 | Queue | Scout Cavalry |
| 12:11 | Queue | Scout Cavalry |
| 12:11 | Queue | Scout Cavalry |
| 12:13 | Queue | Villager (Male) |
| 12:14 | Queue | Villager (Male) |
| 12:32 | Queue | Scout Cavalry |
| 12:32 | Queue | Scout Cavalry |
| 12:59 | Queue | Scout Cavalry |
| 13:04 | Queue | Villager (Male) |
| 13:13 | Build | Stable |
| 13:15 | Build | House |
| 13:16 | Build | House |
| 13:17 | Queue | Villager (Male) |
| 13:18 | Queue | Villager (Male) |
| 13:29 | Queue | Spearman |
| 13:29 | Queue | Spearman |
| 13:35 | Queue | Villager (Male) |
| 14:05 | Queue | Scout Cavalry |
| 14:21 | Queue | Scout Cavalry |
| 14:35 | Queue | Spearman |
| 14:48 | Build | House |
| 14:51 | Build | House |
| 15:24 | Queue | Scout Cavalry |
| 15:24 | Queue | Scout Cavalry |
| 15:24 | Queue | Scout Cavalry |
| 15:29 | Build | Stable |
| 15:41 | Queue | Scout Cavalry |
| 15:53 | Build | Pasture |
| 15:53 | Build | Pasture |
| 15:53 | Build | Pasture |
| 15:53 | Build | Pasture |
| 15:53 | Build | Pasture |
| 15:54 | Build | Pasture |
| 15:54 | Build | Pasture |
| 15:54 | Build | Pasture |
| 15:54 | Build | Pasture |
| 15:55 | Build | Pasture |
| 15:55 | Build | Pasture |
| 15:55 | Build | Pasture |
| 15:55 | Build | Pasture |
| 16:20 | Queue | Scout Cavalry |
| 16:22 | Queue | Villager (Male) |
| 16:31 | Build | Palisade Wall |
| 16:32 | Build | Palisade Wall |
| 16:33 | Build | Palisade Wall |
| 16:47 | Queue | Scout Cavalry |
| 16:47 | Queue | Scout Cavalry |
| 16:51 | Queue | Villager (Male) |
| 17:26 | Queue | Scout Cavalry |
| 17:35 | Queue | Scout Cavalry |
| 17:47 | Queue | Villager (Male) |
| 17:47 | Queue | Villager (Male) |
| 17:50 | Build | Pasture |
| 17:50 | Build | Pasture |
| 17:50 | Build | Pasture |
| 17:50 | Build | Pasture |
| 17:51 | Build | Pasture |
| 17:51 | Build | Pasture |
| 17:51 | Build | Pasture |
| 17:51 | Build | Pasture |
| 17:52 | Build | Pasture |
| 17:52 | Build | Pasture |
| 17:52 | Build | Pasture |
| 17:52 | Build | Pasture |
| 17:52 | Build | Pasture |
| 18:11 | Build | House |
| 18:13 | Build | House |
| 18:14 | Queue | Scout Cavalry |
| 18:26 | Build | House |
| 18:27 | Build | House |
| 18:29 | Build | House |
| 18:31 | Build | House |
| 18:33 | Queue | Villager (Male) |
| 18:33 | Queue | Villager (Male) |
| 18:45 | Queue | Scout Cavalry |
| 19:13 | Queue | Villager (Male) |
| 19:15 | Queue | Villager (Male) |
| 19:21 | Build | Pasture |
| 19:22 | Build | Pasture |
| 19:22 | Build | Pasture |
| 19:22 | Build | Pasture |
| 19:22 | Build | Pasture |
| 19:22 | Build | Pasture |
| 19:23 | Build | Pasture |
| 19:23 | Build | Pasture |
| 19:23 | Build | Pasture |
| 19:31 | Build | Palisade Wall |
| 19:36 | Build | Palisade Wall |
| 19:38 | Build | Palisade Wall |
| 19:43 | Queue | Scout Cavalry |
| 19:43 | Queue | Scout Cavalry |
| 19:44 | Queue | Scout Cavalry |
| 19:49 | Queue | Scout Cavalry |
| 19:50 | Queue | Scout Cavalry |
| 19:58 | Build | Palisade Wall |
| 20:03 | Queue | Scout Cavalry |
| 20:07 | Queue | Villager (Male) |
| 20:07 | Queue | Villager (Male) |
| 20:31 | Queue | Scout Cavalry |
| 20:56 | Queue | Villager (Male) |
| 21:07 | Queue | Villager (Male) |
| 21:16 | Queue | Villager (Male) |
| 21:19 | Queue | Villager (Male) |
Build order — King Gallas
First 150 of 174 actions detected
| 0:00 | Queue | Villager (Male) |
| 0:02 | Queue | Villager (Male) |
| 0:02 | Queue | Villager (Male) |
| 0:03 | Queue | Villager (Male) |
| 0:03 | Queue | Villager (Male) |
| 0:03 | Queue | Villager (Male) |
| 0:03 | Queue | Villager (Male) |
| 0:03 | Queue | Villager (Male) |
| 0:03 | Queue | Villager (Male) |
| 0:03 | Queue | Villager (Male) |
| 0:03 | Queue | Villager (Male) |
| 0:05 | Build | House |
| 0:06 | Build | House |
| 1:24 | Queue | Villager (Male) |
| 1:25 | Queue | Villager (Male) |
| 1:59 | Build | Lumber Camp |
| 2:02 | Queue | Villager (Male) |
| 2:19 | Queue | Villager (Male) |
| 2:39 | Queue | Villager (Male) |
| 3:05 | Queue | Villager (Male) |
| 3:21 | Build | House |
| 3:40 | Queue | Villager (Male) |
| 4:08 | Queue | Villager (Male) |
| 4:35 | Queue | Villager (Male) |
| 4:57 | Queue | Villager (Male) |
| 5:05 | Queue | Villager (Male) |
| 5:28 | Queue | Villager (Male) |
| 5:45 | Build | Mining Camp |
| 5:50 | Research | Loom |
| 6:28 | Research | Feudal Age |
| 7:28 | Build | Barracks |
| 7:49 | Queue | Villager (Male) |
| 7:58 | Build | House |
| 8:38 | Age | Feudal Age |
| 8:44 | Build | Archery Range |
| 9:05 | Queue | Villager (Male) |
| 9:17 | Build | Archery Range |
| 9:27 | Queue | Villager (Male) |
| 9:32 | Queue | Spearman |
| 9:33 | Queue | Archer |
| 9:51 | Build | House |
| 9:54 | Queue | Villager (Male) |
| 9:58 | Queue | Archer |
| 10:07 | Queue | Villager (Male) |
| 10:15 | Queue | Archer |
| 10:16 | Queue | Archer |
| 10:24 | Queue | Villager (Male) |
| 10:31 | Queue | Archer |
| 10:31 | Queue | Archer |
| 10:39 | Build | House |
| 10:43 | Build | House |
| 10:57 | Build | Blacksmith |
| 10:59 | Queue | Archer |
| 11:05 | Queue | Villager (Male) |
| 11:07 | Queue | Archer |
| 11:11 | Build | Palisade Wall |
| 11:13 | Build | House |
| 11:29 | Queue | Archer |
| 11:29 | Queue | Archer |
| 11:36 | Research | Fletching |
| 12:01 | Queue | Archer |
| 12:02 | Queue | Archer |
| 12:04 | Queue | Villager (Male) |
| 12:11 | Build | Mill |
| 12:23 | Queue | Archer |
| 12:32 | Queue | Archer |
| 13:04 | Queue | Archer |
| 13:16 | Queue | Archer |
| 13:18 | Queue | Villager (Male) |
| 13:21 | Build | Farm |
| 13:21 | Build | Farm |
| 13:43 | Queue | Archer |
| 13:52 | Build | Farm |
| 13:53 | Build | Farm |
| 13:54 | Queue | Villager (Male) |
| 14:05 | Queue | Archer |
| 14:05 | Queue | Archer |
| 14:43 | Queue | Villager (Male) |
| 14:45 | Queue | Archer |
| 14:46 | Queue | Villager (Male) |
| 14:50 | Build | House |
| 14:53 | Build | House |
| 15:01 | Queue | Archer |
| 15:02 | Queue | Archer |
| 15:48 | Queue | Skirmisher |
| 15:52 | Queue | Archer |
| 15:59 | Queue | Archer |
| 16:03 | Queue | Villager (Male) |
| 16:05 | Build | Farm |
| 16:06 | Build | Farm |
| 16:08 | Build | Farm |
| 16:10 | Queue | Villager (Male) |
| 16:20 | Queue | Spearman |
| 16:21 | Queue | Villager (Male) |
| 16:29 | Queue | Villager (Male) |
| 16:31 | Build | House |
| 16:48 | Queue | Archer |
| 16:48 | Queue | Archer |
| 16:59 | Build | House |
| 17:01 | Build | House |
| 17:04 | Queue | Villager (Male) |
| 17:05 | Queue | Archer |
| 17:05 | Queue | Archer |
| 17:29 | Queue | Spearman |
| 17:31 | Queue | Archer |
| 17:45 | Queue | Villager (Male) |
| 17:52 | Queue | Archer |
| 17:56 | Build | Farm |
| 18:15 | Build | Palisade Wall |
| 18:18 | Build | Farm |
| 18:20 | Build | Farm |
| 18:34 | Queue | Archer |
| 18:35 | Queue | Archer |
| 18:35 | Queue | Villager (Male) |
| 18:38 | Research | Wheelbarrow |
| 18:49 | Build | Farm |
| 19:03 | Queue | Villager (Male) |
| 19:11 | Build | Farm |
| 19:18 | Queue | Villager (Male) |
| 19:22 | Build | Farm |
| 19:26 | Research | Wheelbarrow |
| 19:35 | Queue | Archer |
| 19:35 | Queue | Archer |
| 19:42 | Build | House |
| 19:42 | Queue | Villager (Male) |
| 19:46 | Research | Double-Bit Axe |
| 19:59 | Queue | Archer |
| 20:37 | Build | Lumber Camp |
| 20:41 | Queue | Archer |
| 20:42 | Queue | Archer |
| 20:45 | Queue | Villager (Male) |
| 21:00 | Queue | Archer |
| 21:00 | Queue | Archer |
| 21:18 | Research | Town Watch |
| 21:27 | Build | Farm |
| 21:29 | Build | Farm |
| 21:43 | Queue | Villager (Male) |
| 21:50 | Queue | Archer |
| 22:03 | Build | Market |
| 22:13 | Research | Castle Age |
| 22:17 | Queue | Archer |
| 22:17 | Queue | Archer |
| 22:37 | Queue | Archer |
| 22:37 | Queue | Archer |
| 22:53 | Queue | Archer |
| 22:53 | Queue | Archer |
| 22:56 | Build | House |
| 23:11 | Queue | Archer |
| 23:12 | Queue | Archer |
| 23:13 | Queue | Villager (Male) |
Build order — El Wicho
First 150 of 167 actions detected
| 0:01 | Queue | Villager (Male) |
| 0:02 | Build | House |
| 0:04 | Build | House |
| 0:09 | Queue | Villager (Male) |
| 0:09 | Queue | Villager (Male) |
| 0:32 | Queue | Villager (Male) |
| 0:33 | Queue | Villager (Male) |
| 1:23 | Queue | Villager (Male) |
| 1:23 | Queue | Villager (Male) |
| 2:07 | Queue | Villager (Male) |
| 2:07 | Queue | Villager (Male) |
| 2:26 | Queue | Villager (Male) |
| 2:26 | Queue | Villager (Male) |
| 2:38 | Build | Settlement |
| 2:50 | Queue | Villager (Male) |
| 2:51 | Queue | Villager (Male) |
| 2:58 | Queue | Villager (Male) |
| 2:58 | Queue | Villager (Male) |
| 3:10 | Queue | Villager (Male) |
| 3:49 | Queue | Villager (Male) |
| 4:25 | Queue | Villager (Male) |
| 4:29 | Build | Settlement |
| 4:36 | Queue | Villager (Male) |
| 4:54 | Queue | Villager (Male) |
| 4:54 | Queue | Villager (Male) |
| 5:17 | Research | Loom |
| 6:19 | Research | Feudal Age |
| 6:20 | Research | Feudal Age |
| 7:44 | Build | Barracks |
| 8:07 | Queue | Villager (Male) |
| 8:29 | Age | Feudal Age |
| 8:31 | Queue | Villager (Male) |
| 8:47 | Build | Archery Range |
| 8:51 | Queue | Villager (Male) |
| 8:55 | Research | Double-Bit Axe |
| 9:18 | Queue | Villager (Male) |
| 9:42 | Build | Archery Range |
| 9:52 | Queue | Archer |
| 9:52 | Queue | Archer |
| 10:04 | Queue | Villager (Male) |
| 10:10 | Build | House |
| 10:11 | Build | House |
| 10:16 | Queue | Archer |
| 10:25 | Queue | Archer |
| 10:25 | Queue | Archer |
| 10:39 | Build | Palisade Wall |
| 10:42 | Queue | Archer |
| 10:43 | Queue | Archer |
| 10:44 | Queue | Archer |
| 10:44 | Queue | Archer |
| 10:46 | Build | Palisade Wall |
| 11:06 | Queue | Villager (Male) |
| 11:12 | Queue | Archer |
| 11:12 | Queue | Archer |
| 11:20 | Queue | Spearman |
| 11:28 | Build | House |
| 12:07 | Queue | Archer |
| 12:07 | Queue | Archer |
| 12:20 | Queue | Villager (Male) |
| 12:27 | Build | Blacksmith |
| 12:30 | Build | Watch Tower |
| 12:36 | Queue | Archer |
| 12:36 | Queue | Archer |
| 13:22 | Build | Settlement |
| 14:07 | Build | Market |
| 14:15 | Queue | Archer |
| 14:15 | Queue | Archer |
| 14:40 | Queue | Villager (Male) |
| 14:44 | Queue | Archer |
| 14:45 | Queue | Archer |
| 14:51 | Build | Farm |
| 14:52 | Build | Farm |
| 15:04 | Build | House |
| 15:12 | Build | House |
| 15:48 | Queue | Villager (Male) |
| 15:48 | Queue | Villager (Male) |
| 15:49 | Queue | Archer |
| 15:50 | Queue | Archer |
| 15:50 | Queue | Archer |
| 16:03 | Queue | Villager (Male) |
| 16:13 | Queue | Villager (Male) |
| 16:23 | Queue | Archer |
| 16:35 | Research | Fletching |
| 16:35 | Research | Fletching |
| 16:42 | Build | House |
| 16:49 | Build | Palisade Gate |
| 16:51 | Build | House |
| 16:53 | Build | House |
| 16:58 | Queue | Archer |
| 16:58 | Queue | Archer |
| 17:00 | Queue | Villager (Male) |
| 17:00 | Queue | Villager (Male) |
| 17:35 | Queue | Archer |
| 17:35 | Queue | Archer |
| 17:46 | Queue | Archer |
| 17:46 | Queue | Archer |
| 17:54 | Queue | Villager (Male) |
| 18:02 | Queue | Villager (Male) |
| 18:04 | Research | Padded Archer Armor |
| 18:05 | Research | Padded Archer Armor |
| 18:09 | Queue | Villager (Male) |
| 18:16 | Queue | Archer |
| 18:16 | Queue | Archer |
| 18:16 | Queue | Archer |
| 18:39 | Queue | Villager (Male) |
| 18:45 | Queue | Archer |
| 18:45 | Queue | Archer |
| 18:47 | Queue | Villager (Male) |
| 19:00 | Queue | Archer |
| 19:00 | Queue | Archer |
| 19:35 | Build | Palisade Wall |
| 19:41 | Queue | Archer |
| 19:42 | Queue | Archer |
| 19:42 | Queue | Villager (Male) |
| 19:43 | Queue | Villager (Male) |
| 20:03 | Queue | Archer |
| 20:23 | Queue | Archer |
| 20:23 | Queue | Archer |
| 20:48 | Build | Farm |
| 20:56 | Queue | Villager (Male) |
| 20:58 | Research | Town Watch |
| 21:00 | Build | House |
| 21:02 | Queue | Archer |
| 21:28 | Build | Farm |
| 21:30 | Queue | Archer |
| 21:35 | Build | House |
| 21:42 | Queue | Villager (Male) |
| 21:43 | Queue | Archer |
| 21:44 | Queue | Archer |
| 21:44 | Queue | Archer |
| 21:44 | Queue | Archer |
| 21:55 | Build | House |
| 21:56 | Build | House |
| 22:17 | Queue | Villager (Male) |
| 22:20 | Build | Farm |
| 22:30 | Queue | Archer |
| 22:30 | Queue | Archer |
| 22:32 | Queue | Villager (Male) |
| 22:32 | Queue | Villager (Male) |
| 22:39 | Build | House |
| 22:40 | Build | House |
| 23:02 | Queue | Villager (Male) |
| 23:03 | Queue | Archer |
| 23:04 | Queue | Archer |
| 23:06 | Build | Farm |
| 23:07 | Build | Farm |
| 23:07 | Build | Farm |
| 23:07 | Build | Farm |
| 23:07 | Build | Farm |
| 23:08 | Build | Farm |
Build order — Destruidora de Sueño
First 150 of 154 actions detected
| 0:01 | Queue | Villager (Male) |
| 0:01 | Queue | Villager (Male) |
| 0:02 | Build | House |
| 0:04 | Build | House |
| 0:10 | Queue | Villager (Male) |
| 0:27 | Queue | Villager (Male) |
| 0:51 | Queue | Villager (Male) |
| 1:21 | Queue | Villager (Male) |
| 2:02 | Queue | Villager (Male) |
| 2:19 | Build | Lumber Camp |
| 2:29 | Queue | Villager (Male) |
| 2:44 | Queue | Villager (Male) |
| 2:58 | Build | House |
| 3:09 | Queue | Villager (Male) |
| 3:38 | Queue | Villager (Male) |
| 3:42 | Build | Mill |
| 4:07 | Queue | Villager (Male) |
| 4:34 | Queue | Villager (Male) |
| 4:56 | Build | House |
| 5:12 | Queue | Villager (Male) |
| 5:30 | Queue | Villager (Male) |
| 5:31 | Research | Loom |
| 6:30 | Research | Feudal Age |
| 7:10 | Build | Barracks |
| 7:37 | Queue | Villager (Male) |
| 7:37 | Queue | Villager (Male) |
| 8:30 | Queue | Villager (Male) |
| 8:34 | Age | Feudal Age |
| 8:46 | Build | Stable |
| 9:06 | Research | Double-Bit Axe |
| 9:27 | Queue | Scout Cavalry |
| 9:27 | Queue | Scout Cavalry |
| 9:36 | Build | House |
| 9:43 | Queue | Villager (Male) |
| 9:50 | Build | House |
| 10:07 | Queue | Villager (Male) |
| 10:11 | Build | House |
| 10:13 | Build | House |
| 10:18 | Build | Farm |
| 10:24 | Queue | Scout Cavalry |
| 10:32 | Queue | Villager (Male) |
| 10:35 | Build | Farm |
| 10:37 | Queue | Villager (Male) |
| 10:49 | Build | Palisade Wall |
| 10:59 | Build | Farm |
| 11:01 | Queue | Scout Cavalry |
| 11:15 | Queue | Scout Cavalry |
| 11:24 | Queue | Villager (Male) |
| 11:27 | Build | Farm |
| 11:28 | Build | Farm |
| 11:39 | Build | House |
| 11:49 | Queue | Scout Cavalry |
| 11:59 | Queue | Villager (Male) |
| 12:18 | Build | Blacksmith |
| 12:29 | Build | Farm |
| 12:31 | Build | Farm |
| 12:31 | Queue | Villager (Male) |
| 12:36 | Queue | Scout Cavalry |
| 12:59 | Build | Farm |
| 13:00 | Build | Farm |
| 13:09 | Queue | Scout Cavalry |
| 13:20 | Build | Farm |
| 13:21 | Build | Farm |
| 13:24 | Queue | Villager (Male) |
| 13:36 | Queue | Villager (Male) |
| 13:51 | Build | Farm |
| 13:54 | Queue | Villager (Male) |
| 14:00 | Queue | Villager (Male) |
| 14:02 | Build | Farm |
| 14:03 | Build | Farm |
| 14:22 | Queue | Scout Cavalry |
| 14:29 | Queue | Villager (Male) |
| 14:31 | Build | Farm |
| 14:46 | Queue | Scout Cavalry |
| 14:49 | Queue | Villager (Male) |
| 14:51 | Build | Farm |
| 15:09 | Build | Farm |
| 15:19 | Queue | Villager (Male) |
| 15:23 | Build | Farm |
| 15:24 | Build | Farm |
| 15:27 | Queue | Villager (Male) |
| 15:30 | Research | Scale Barding Armor |
| 15:30 | Research | Scale Barding Armor |
| 15:52 | Queue | Villager (Male) |
| 16:02 | Build | Palisade Wall |
| 16:08 | Queue | Scout Cavalry |
| 16:09 | Queue | Villager (Male) |
| 16:12 | Build | Farm |
| 16:13 | Build | Farm |
| 16:30 | Build | Palisade Wall |
| 16:33 | Build | House |
| 16:34 | Build | House |
| 16:39 | Build | Palisade Wall |
| 16:43 | Build | House |
| 16:44 | Queue | Villager (Male) |
| 16:47 | Queue | Scout Cavalry |
| 16:53 | Build | Farm |
| 16:54 | Research | Horse Collar |
| 17:19 | Queue | Villager (Male) |
| 17:22 | Queue | Villager (Male) |
| 17:34 | Queue | Scout Cavalry |
| 17:38 | Build | House |
| 17:41 | Queue | Villager (Male) |
| 17:48 | Build | Palisade Wall |
| 17:58 | Queue | Villager (Male) |
| 18:13 | Build | Market |
| 18:15 | Queue | Villager (Male) |
| 18:18 | Research | Wheelbarrow |
| 18:30 | Queue | Scout Cavalry |
| 18:34 | Build | House |
| 18:45 | Build | Palisade Wall |
| 18:56 | Research | Bloodlines |
| 19:00 | Queue | Villager (Male) |
| 19:04 | Build | Mining Camp |
| 19:09 | Build | House |
| 19:21 | Build | House |
| 19:22 | Build | House |
| 19:49 | Build | Palisade Wall |
| 19:51 | Queue | Villager (Male) |
| 19:54 | Queue | Scout Cavalry |
| 20:02 | Build | House |
| 20:08 | Build | House |
| 20:19 | Build | Lumber Camp |
| 20:25 | Queue | Villager (Male) |
| 20:42 | Queue | Villager (Male) |
| 20:53 | Queue | Villager (Male) |
| 20:56 | Build | Farm |
| 21:22 | Build | House |
| 21:38 | Queue | Spearman |
| 21:39 | Queue | Spearman |
| 21:50 | Build | House |
| 21:58 | Research | Castle Age |
| 22:01 | Queue | Scout Cavalry |
| 22:31 | Queue | Villager (Male) |
| 22:55 | Queue | Villager (Male) |
| 23:16 | Build | Lumber Camp |
| 23:28 | Build | Palisade Wall |
| 23:37 | Build | Palisade Wall |
| 23:52 | Queue | Scout Cavalry |
| 23:52 | Queue | Scout Cavalry |
| 24:11 | Queue | Villager (Male) |
| 24:12 | Build | Farm |
| 24:24 | Age | Castle Age |
| 24:32 | Build | Farm |
| 24:33 | Build | Farm |
| 24:53 | Build | House |
| 25:10 | Queue | Knight |
| 25:11 | Queue | Knight |
| 25:11 | Queue | Knight |
| 25:16 | Build | House |
Build order — Bohemio_Antisemita
135 actions detected in the replay
| 0:01 | Queue | Villager (Male) |
| 0:02 | Build | House |
| 0:04 | Research | Loom |
| 0:06 | Build | House |
| 0:17 | Queue | Villager (Male) ×3 |
| 1:27 | Queue | Villager (Male) |
| 1:28 | Queue | Villager (Male) |
| 1:57 | Queue | Villager (Male) |
| 1:58 | Queue | Villager (Male) |
| 2:12 | Queue | Villager (Male) |
| 2:13 | Queue | Villager (Male) |
| 3:05 | Queue | Villager (Male) |
| 3:05 | Queue | Villager (Male) |
| 3:38 | Queue | Villager (Male) |
| 3:38 | Queue | Villager (Male) |
| 3:48 | Build | Lumber Camp |
| 4:06 | Queue | Villager (Male) |
| 4:19 | Build | House |
| 4:27 | Queue | Villager (Male) |
| 4:29 | Queue | Villager (Male) |
| 4:30 | Queue | Villager (Male) |
| 4:37 | Build | House |
| 5:46 | Queue | Villager (Male) |
| 5:47 | Queue | Villager (Male) |
| 6:22 | Queue | Villager (Male) |
| 6:48 | Build | Mining Camp |
| 6:56 | Queue | Villager (Male) |
| 7:29 | Research | Feudal Age |
| 9:20 | Queue | Villager (Male) |
| 9:24 | Build | Barracks |
| 9:39 | Age | Feudal Age |
| 9:55 | Build | Palisade Wall |
| 9:58 | Build | Palisade Wall |
| 10:00 | Build | Palisade Wall |
| 10:06 | Build | Palisade Wall |
| 10:08 | Build | Palisade Wall |
| 10:26 | Build | Archery Range |
| 10:39 | Build | Palisade Wall |
| 10:53 | Build | Palisade Wall |
| 10:56 | Build | Palisade Wall |
| 10:58 | Build | Palisade Wall |
| 11:15 | Queue | Villager (Male) |
| 11:16 | Queue | Archer |
| 11:16 | Queue | Archer |
| 11:16 | Queue | Archer |
| 11:41 | Queue | Archer |
| 11:44 | Build | House |
| 11:57 | Build | House |
| 12:37 | Build | Mill |
| 12:39 | Queue | Villager (Male) |
| 12:39 | Queue | Villager (Male) |
| 12:39 | Queue | Villager (Male) |
| 12:41 | Queue | Archer |
| 12:41 | Queue | Archer |
| 12:46 | Research | Double-Bit Axe |
| 12:58 | Build | Palisade Wall |
| 13:02 | Build | Palisade Wall |
| 13:10 | Queue | Archer |
| 13:13 | Queue | Villager (Male) |
| 13:16 | Build | Farm |
| 13:18 | Build | Farm |
| 14:03 | Queue | Archer |
| 14:13 | Build | Archery Range |
| 14:20 | Queue | Villager (Male) |
| 14:22 | Research | Town Watch |
| 14:31 | Build | Palisade Wall |
| 14:33 | Build | Farm |
| 14:37 | Build | Farm |
| 15:07 | Queue | Archer |
| 15:09 | Queue | Archer |
| 15:09 | Queue | Archer |
| 15:09 | Queue | Archer |
| 15:15 | Build | House |
| 15:32 | Queue | Villager (Male) |
| 15:32 | Queue | Villager (Male) |
| 15:32 | Queue | Villager (Male) |
| 15:35 | Build | House |
| 15:39 | Build | Blacksmith |
| 16:03 | Queue | Villager (Male) |
| 16:12 | Build | Palisade Wall |
| 16:13 | Build | Palisade Wall |
| 16:20 | Queue | Villager (Male) |
| 16:22 | Queue | Archer |
| 16:22 | Queue | Archer |
| 16:39 | Build | House |
| 17:07 | Research | Fletching |
| 17:27 | Research | Padded Archer Armor |
| 17:28 | Queue | Villager (Male) |
| 17:31 | Build | Farm |
| 17:36 | Queue | Archer |
| 17:36 | Queue | Archer |
| 17:36 | Queue | Archer |
| 18:43 | Queue | Villager (Male) |
| 18:43 | Queue | Villager (Male) |
| 18:52 | Queue | Archer |
| 18:52 | Queue | Archer |
| 18:57 | Build | Market |
| 18:59 | Build | House |
| 19:01 | Build | Palisade Wall |
| 19:54 | Queue | Villager (Male) |
| 19:58 | Build | Farm |
| 20:00 | Build | House |
| 20:01 | Build | House |
| 20:04 | Build | House |
| 20:05 | Build | Palisade Wall |
| 20:11 | Build | Lumber Camp |
| 20:13 | Queue | Villager (Male) |
| 20:13 | Queue | Villager (Male) |
| 20:13 | Queue | Villager (Male) |
| 20:17 | Queue | Archer |
| 20:17 | Queue | Archer |
| 20:17 | Queue | Archer |
| 20:25 | Build | House |
| 20:48 | Queue | Archer |
| 20:49 | Queue | Archer |
| 20:50 | Queue | Villager (Male) |
| 20:50 | Queue | Villager (Male) |
| 20:56 | Build | Farm |
| 20:56 | Build | Farm |
| 20:57 | Build | Farm |
| 20:57 | Build | Farm |
| 21:05 | Build | Farm |
| 21:15 | Build | Palisade Gate |
| 21:22 | Queue | Villager (Male) |
| 22:20 | Queue | Villager (Male) |
| 22:23 | Queue | Villager (Male) |
| 23:25 | Build | Palisade Wall |
| 24:18 | Build | Palisade Wall |
| 24:25 | Queue | Villager (Male) |
| 24:28 | Build | Farm |
| 24:28 | Build | Farm |
| 24:28 | Build | Farm |
| 24:29 | Build | Farm |
| 24:29 | Build | Farm |
| 24:29 | Build | Farm |
Build order — Balam
First 150 of 184 actions detected
| 0:04 | Queue | Villager (Male) |
| 0:06 | Build | House |
| 0:07 | Research | Loom |
| 0:09 | Build | House |
| 0:10 | Queue | Villager (Male) |
| 0:10 | Queue | Villager (Male) |
| 0:14 | Queue | Villager (Male) |
| 0:14 | Queue | Villager (Male) |
| 0:26 | Build | House |
| 1:31 | Queue | Villager (Male) |
| 1:58 | Build | Lumber Camp |
| 2:13 | Queue | Villager (Male) |
| 2:31 | Queue | Villager (Male) |
| 2:59 | Queue | Villager (Male) |
| 3:19 | Queue | Villager (Male) |
| 3:54 | Queue | Villager (Male) |
| 3:58 | Queue | Villager (Male) |
| 4:25 | Queue | Villager (Male) |
| 4:41 | Queue | Villager (Male) |
| 4:54 | Queue | Villager (Male) |
| 5:31 | Queue | Villager (Male) |
| 5:35 | Build | Barracks |
| 5:57 | Build | House |
| 6:07 | Queue | Villager (Male) |
| 7:09 | Research | Feudal Age |
| 7:29 | Queue | Militia |
| 7:29 | Queue | Militia |
| 7:42 | Queue | Militia |
| 7:53 | Build | House |
| 8:07 | Queue | Militia |
| 8:27 | Build | Palisade Wall |
| 8:45 | Queue | Villager (Male) |
| 9:19 | Age | Feudal Age |
| 9:25 | Research | Man-at-Arms (upgrade) |
| 9:50 | Queue | Villager (Male) |
| 9:55 | Build | Archery Range |
| 10:28 | Build | Archery Range |
| 10:29 | Queue | Archer |
| 10:37 | Queue | Villager (Male) |
| 10:42 | Build | Mill |
| 11:02 | Queue | Villager (Male) |
| 11:04 | Queue | Archer |
| 11:05 | Queue | Archer |
| 11:19 | Build | House |
| 11:41 | Build | House |
| 11:56 | Queue | Archer |
| 12:01 | Build | Mining Camp |
| 12:22 | Queue | Spearman |
| 12:30 | Build | Palisade Wall |
| 12:45 | Queue | Villager (Male) |
| 12:58 | Queue | Archer |
| 13:14 | Queue | Villager (Male) |
| 13:21 | Build | Palisade Wall |
| 13:26 | Build | Palisade Wall |
| 13:44 | Queue | Villager (Male) |
| 13:53 | Build | Blacksmith |
| 13:55 | Queue | Archer |
| 13:55 | Queue | Archer |
| 14:03 | Queue | Archer |
| 14:04 | Queue | Archer |
| 14:09 | Queue | Villager (Male) |
| 14:12 | Queue | Villager (Male) |
| 14:25 | Queue | Villager (Male) |
| 14:30 | Build | House |
| 14:33 | Queue | Archer |
| 14:33 | Queue | Archer |
| 14:52 | Research | Fletching |
| 15:05 | Build | House |
| 15:06 | Build | Palisade Wall |
| 15:13 | Queue | Villager (Male) |
| 15:14 | Queue | Archer |
| 15:15 | Queue | Archer |
| 15:33 | Queue | Archer |
| 15:33 | Queue | Archer |
| 15:36 | Build | House |
| 15:44 | Build | House |
| 15:45 | Queue | Archer |
| 15:46 | Queue | Archer |
| 15:53 | Build | House |
| 15:55 | Build | House |
| 16:07 | Queue | Archer |
| 16:11 | Build | House |
| 16:19 | Queue | Villager (Male) |
| 16:22 | Queue | Villager (Male) |
| 16:36 | Queue | Villager (Male) |
| 16:37 | Queue | Archer |
| 16:37 | Queue | Archer |
| 16:51 | Queue | Archer |
| 16:51 | Queue | Archer |
| 17:07 | Queue | Villager (Male) |
| 17:09 | Build | Farm |
| 17:09 | Build | Farm |
| 17:09 | Build | Farm |
| 17:09 | Build | Farm |
| 17:24 | Build | Palisade Wall |
| 17:33 | Queue | Villager (Male) |
| 17:40 | Queue | Villager (Male) |
| 17:41 | Queue | Villager (Male) |
| 18:03 | Queue | Archer |
| 18:14 | Queue | Archer |
| 18:14 | Queue | Archer |
| 18:32 | Queue | Archer |
| 18:33 | Queue | Archer |
| 18:43 | Queue | Villager (Male) |
| 18:49 | Queue | Villager (Male) |
| 18:52 | Build | Palisade Wall |
| 18:54 | Queue | Villager (Male) |
| 18:58 | Build | Farm |
| 18:58 | Build | Farm |
| 19:07 | Build | Farm |
| 19:18 | Queue | Archer |
| 19:18 | Queue | Archer |
| 19:35 | Queue | Archer |
| 19:46 | Queue | Archer |
| 19:46 | Queue | Archer |
| 19:48 | Queue | Villager (Male) |
| 19:52 | Queue | Villager (Male) |
| 19:56 | Queue | Villager (Male) |
| 20:15 | Queue | Archer |
| 20:15 | Queue | Archer |
| 20:25 | Build | House |
| 20:34 | Queue | Archer |
| 20:34 | Queue | Archer |
| 20:39 | Queue | Villager (Male) |
| 20:41 | Build | Farm |
| 20:43 | Build | Farm |
| 20:46 | Queue | Archer |
| 20:47 | Queue | Archer |
| 20:51 | Build | House |
| 20:52 | Build | House |
| 20:57 | Build | Palisade Wall |
| 21:00 | Build | Farm |
| 21:00 | Queue | Villager (Male) |
| 21:09 | Build | Farm |
| 21:17 | Queue | Archer |
| 21:17 | Queue | Archer |
| 21:20 | Build | Palisade Wall |
| 21:22 | Build | House |
| 21:23 | Build | House |
| 21:26 | Queue | Archer |
| 21:26 | Queue | Archer |
| 21:39 | Queue | Archer |
| 21:39 | Queue | Archer |
| 21:41 | Build | Farm |
| 21:41 | Build | Farm |
| 21:42 | Build | Farm |
| 21:42 | Build | Farm |
| 22:02 | Queue | Archer |
| 22:02 | Queue | Archer |
| 22:03 | Queue | Villager (Male) |
Match timeline
| 4:20 | Legolas · wall_segment Palisade Wall x1 |
| 5:35 | Balam · first_building Barracks |
| 6:50 | Legolas · first_building Barracks |
| 7:10 | Destruidora de Sueño · first_building Barracks |
| 7:11 | Dadagama · first_building Barracks |
| 7:28 | King Gallas · first_building Barracks |
| 7:42 | Codiman · first_building Barracks |
| 7:44 | El Wicho · first_building Barracks |
| 8:08 | Legolas · age_up feudal |
| 8:15 | Legolas · first_building Stable |
| 8:27 | Balam · wall_segment Palisade Wall x5 |
| 8:29 | El Wicho · age_up feudal |
| 8:34 | Destruidora de Sueño · age_up feudal |
| 8:38 | King Gallas · age_up feudal |
| 8:44 | King Gallas · first_building Archery Range |
| 8:46 | Destruidora de Sueño · first_building Stable |
| 8:47 | El Wicho · first_building Archery Range |
| 9:04 | Codiman · age_up feudal |
| 9:05 | Legolas · wall_segment Palisade Wall x1 |
| 9:09 | Codiman · first_building Stable |
| 9:19 | Balam · age_up feudal |
| 9:24 | Bohemio_Antisemita · first_building Barracks |
| 9:26 | Dadagama · age_up feudal |
| 9:28 | Dadagama · first_building Stable |
| 9:39 | Dadagama · wall_segment Palisade Wall x5 |
| 9:39 | Bohemio_Antisemita · age_up feudal |
| 9:46 | Dadagama · wall_segment Palisade Wall x10 |
| 9:55 | Dadagama · wall_segment Palisade Wall x9 |
| 9:55 | Bohemio_Antisemita · wall_segment Palisade Wall x1 |
| 9:55 | Balam · first_building Archery Range |
| 9:58 | Bohemio_Antisemita · wall_segment Palisade Wall x1 |
| 10:00 | Bohemio_Antisemita · wall_segment Palisade Wall x1 |
| 10:06 | Bohemio_Antisemita · wall_segment Palisade Wall x1 |
| 10:08 | Bohemio_Antisemita · wall_segment Palisade Wall x1 |
| 10:26 | Bohemio_Antisemita · first_building Archery Range |
| 10:28 | Dadagama · wall_segment Palisade Wall x8 |
| 10:39 | El Wicho · wall_segment Palisade Wall x5 |
| 10:39 | Bohemio_Antisemita · wall_segment Palisade Wall x5 |
| 10:46 | El Wicho · wall_segment Palisade Wall x1 |
| 10:49 | Destruidora de Sueño · wall_segment Palisade Wall x6 |
| 10:53 | Bohemio_Antisemita · wall_segment Palisade Wall x1 |
| 10:56 | Bohemio_Antisemita · wall_segment Palisade Wall x1 |
| 10:58 | Bohemio_Antisemita · wall_segment Palisade Wall x1 |
| 10:59 | Dadagama · wall_segment Palisade Wall x3 |
| 11:06 | Legolas · wall_segment Palisade Wall x7 |
| 11:11 | King Gallas · wall_segment Palisade Wall x2 |
| 12:30 | Balam · wall_segment Palisade Wall x5 |
| 12:58 | Bohemio_Antisemita · wall_segment Palisade Wall x8 |
| 13:02 | Bohemio_Antisemita · wall_segment Palisade Wall x12 |
| 13:21 | Balam · wall_segment Palisade Wall x16 |
| 13:23 | Legolas · wall_segment Palisade Wall x5 |
| 13:26 | Balam · wall_segment Palisade Wall x6 |
| 14:31 | Bohemio_Antisemita · wall_segment Palisade Wall x13 |
| 14:35 | Dadagama · wall_segment Palisade Wall x11 |
| 15:06 | Balam · wall_segment Palisade Wall x7 |
| 15:24 | Dadagama · wall_segment Palisade Wall x5 |
| 16:02 | Destruidora de Sueño · wall_segment Palisade Wall x7 |
| 16:09 | Legolas · wall_segment Palisade Wall x10 |
| 16:12 | Bohemio_Antisemita · wall_segment Palisade Wall x17 |
| 16:13 | Bohemio_Antisemita · wall_segment Palisade Wall x1 |
| 16:20 | Legolas · wall_segment Palisade Wall x2 |
| 16:30 | Destruidora de Sueño · wall_segment Palisade Wall x4 |
| 16:31 | Codiman · wall_segment Palisade Wall x4 |
| 16:32 | Codiman · wall_segment Palisade Wall x1 |
| 16:33 | Codiman · wall_segment Palisade Wall x7 |
| 16:39 | Destruidora de Sueño · wall_segment Palisade Wall x10 |
| 16:46 | Dadagama · wall_segment Palisade Wall x17 |
| 17:13 | Legolas · wall_segment Palisade Wall x1 |
| 17:24 | Balam · wall_segment Palisade Wall x1 |
| 17:48 | Destruidora de Sueño · wall_segment Palisade Wall x11 |
| 18:15 | King Gallas · wall_segment Palisade Wall x9 |
| 18:45 | Destruidora de Sueño · wall_segment Palisade Wall x14 |
| 18:52 | Balam · wall_segment Palisade Wall x1 |
| 19:01 | Bohemio_Antisemita · wall_segment Palisade Wall x15 |
| 19:13 | Legolas · wall_segment Palisade Wall x5 |
| 19:31 | Codiman · wall_segment Palisade Wall x2 |
| 19:35 | El Wicho · wall_segment Palisade Wall x8 |
| 19:36 | Codiman · wall_segment Palisade Wall x16 |
| 19:38 | Codiman · wall_segment Palisade Wall x5 |
| 19:49 | Destruidora de Sueño · wall_segment Palisade Wall x1 |
| 19:58 | Codiman · wall_segment Palisade Wall x3 |
| 20:05 | Bohemio_Antisemita · wall_segment Palisade Wall x13 |
| 20:14 | Legolas · age_up castle |
| 20:57 | Balam · wall_segment Palisade Wall x6 |
| 21:20 | Balam · wall_segment Palisade Wall x1 |
| 23:25 | Bohemio_Antisemita · wall_segment Palisade Wall x8 |
| 23:28 | Destruidora de Sueño · wall_segment Palisade Wall x4 |
| 23:37 | Destruidora de Sueño · wall_segment Palisade Wall x2 |
| 24:08 | Destruidora de Sueño · first_market_buy 100 wood |
| 24:18 | Bohemio_Antisemita · wall_segment Palisade Wall x16 |
| 24:24 | Destruidora de Sueño · age_up castle |
| 24:41 | Bohemio_Antisemita · resign |
| 24:53 | King Gallas · age_up castle |
| 25:25 | Destruidora de Sueño · first_market_sell 100 food |
[ AI ANALYSIS · 1 CREDIT ]
What really happened in this match?
Wolo.gg analyzes every decision: build order, eco, micro, common mistakes by bracket. Personalized analysis on WhatsApp or Discord in 30 seconds.
Civ guide
Persians
Perfil
Jugador #11526726